Map: Habitation Station LE (Void)

Players

wLsYsTeM

  • Race: Terran Terran
  • League: Gold
  • Spawn Location: 11:00

Bloodyrafe - Winner!

  • Race: Zerg Zerg
  • League: Diamond
  • Spawn Location: 1:00

VOD

Have the link to the VOD?

Description

Time

  • Played on: Jan. 13, 2017, 2:55 a.m.
  • Length: 9:12
Show
View Real Time Build Order
Export as new Build Order

wLsYsTeM Terran 

Build Orders: Reaper Expand 

Get SALT Encoding   

  12  0:05  SCV  
  13  0:17  SCV  
  14  0:21  Supply Depot  
  14  0:29  SCV  
  15  0:43  Refinery, SCV  
  15  0:46  Barracks  
  16  0:55  SCV  
  17  1:07  SCV  
  18  1:19  SCV  
  19  1:33  Orbital Command  
  19  1:35  Reaper  
  20  1:43  Command Center  
  20  1:55  Supply Depot  
  20  1:58  Refinery  
  20  2:02  SCV  
  20  2:07  Marine  
  22  2:14  Factory  
  22  2:17  SCV  
  23  2:29  SCV  
  24  2:30  Marine  
  25  2:41  SCV  
  25  2:48  Marine  
  26  2:53  SCV  
  28  3:05  SCV  
  27  3:18  SCV  
  28  3:22  Hellion, Starport  
  28  3:25  Barracks Tech Lab  
  30  3:27  Barracks  
  30  3:30  SCV  
  30  3:33  Orbital Command  
  31  3:40  Supply Depot  
  31  3:42  SCV  
  31  3:47  Marine  
  35  3:50  Factory Reactor  
  34  3:55  SCV  
  34  4:05  Marine, Liberator  
  34  4:07  SCV  
  33  4:11  Orbital Command  
  30  4:19  Marine  
  30  4:23  Marine  
  35  4:28  Cyclone  
  38  4:37  Supply Depot  
  37  4:41  Marine  
  24  4:52  Marine  
  24  4:58  Marine  
  20  5:10  Marine  
  18  5:16  Marine  
  16  5:22  SCV x2  
  14  5:28  Marine  
  14  5:34  Marine  
  11  5:46  Marine  
  11  5:52  Marine  
  11  5:56  SCV x2  
  10  6:04  Marine  
  7  6:10  Marine  
  9  6:13  Cyclone  
  9  6:14  Liberator  
  12  6:19  SCV x2  
  14  6:31  SCV x2  
  19  6:43  Widow Mine, SCV  
  19  6:44  SCV  
  23  6:55  SCV  
  23  6:56  SCV  
  23  6:57  Liberator  
  23  6:58  Marine  
  23  6:59  Marine  
  27  7:07  SCV  
  28  7:08  SCV  
  32  7:19  SCV  
  32  7:20  SCV  
  34  7:25  Marine x2  
  36  7:31  SCV, Cyclone  
  36  7:32  SCV  
  41  7:43  Marine, SCV  
  43  7:55  SCV x2  
  43  7:56  Marine  
  46  8:11  Supply Depot  
  46  8:13  Marine  
  20  8:36  SCV x2  
  18  8:41  Marine  
Show
View Real Time Build Order
Export as new Build Order

Bloodyrafe Zerg - Winner!

Build Orders: Pool First 

Get SALT Encoding   

  12  0:01  Drone  
  13  0:14  Overlord  
  13  0:17  Drone  
  14  0:33  Drone x2  
  16  0:37  Drone  
  17  0:46  Spawning Pool  
  17  0:48  Extractor  
  17  0:49  Drone  
  16  1:11  Hatchery  
  16  1:14  Drone  
  16  1:18  Drone  
  17  1:22  Drone  
  18  1:33  Zergling x2  
  18  1:38  Queen  
  21  1:42  Drone  
  22  1:55  Overlord  
  22  2:15  Queen  
  24  2:16  Roach Warren  
  24  2:17  Drone x2  
  25  2:28  Drone x2  
  27  2:50  Spore Crawler  
  24  3:02  Roach  
  24  3:03  Roach x5  
  36  3:06  Extractor  
  35  3:15  Roach  
  35  3:17  Overlord  
  36  3:20  Overlord  
  37  3:37  Drone x5  
  37  3:40  Drone  
  43  3:56  Ravager x2  
  44  4:04  Spore Crawler  
  43  4:14  Drone  
  43  4:15  Drone x7  
  52  4:24  Spore Crawler  
  52  4:25  Ravager  
  53  4:52  Drone  
  51  4:53  Drone  
  51  4:57  Overlord x3  
  51  4:58  Overlord  
  52  5:17  Drone x6  
  52  5:20  Ravager  
  50  5:48  Extractor x2  
  48  5:55  Metabolic Boost  
  42  6:07  Hatchery  
  42  6:08  Drone  
  42  6:11  Extractor  
  42  6:12  Drone x2  
  42  6:13  Drone  
  42  6:16  Drone x3  
  47  6:20  Drone x2  
  47  6:21  Drone  
  50  6:30  Lair  
  50  6:32  Zergling x2  
  51  6:33  Zergling x8  
  51  6:38  Overlord  
  55  6:46  Roach  
  63  6:47  Roach x3  
  63  6:52  Evolution Chamber  
  63  6:53  Roach  
  70  6:54  Roach x3  
  70  7:08  Zergling x4  
  72  7:17  Zergling x10  
  72  7:19  Ravager x3  
  72  7:20  Ravager x5  
  72  7:21  Overlord  
  72  7:22  Overlord x2  
  85  7:24  Zergling x2  
  86  7:31  Spore Crawler  
  86  7:32  Queen x3  
  91  7:43  Drone x3  
  94  7:45  Spire  
  94  7:46  Zergling x2  
  94  7:47  Zergling x12  
  72  9:00  Drone  
Tags
 
Add a new tag
Caveats
  • Supply blocks, unpowered buildings, or Contaminate may cause inaccurate times.
  • Supply counts are checked every 10 seconds.